Canucks vs Penguins
Created - April 13, 2024 at 22:43
Goals
|
Canucks |
0 |
2 |
1 |
3 |
Penguins |
0 |
2 |
2 |
4 |
|
Shots
|
Canucks |
8 |
20 |
8 |
36 |
Penguins |
9 |
7 |
18 |
34 |
|
1st period
No Goal
Penalties :
No Penalty
2nd period
1. Canucks , Daniel Zaar 43 (Scott Harrington 37, Nicolas Petan 77) at 0:46
2. Penguins , Evan Rodrigues 22 (Dakota Mermis 26) at 0:53
3. Canucks , Trevor Moore 19 (Curtis Lazar 43, Jean-Sebastien Dea 42) at 5:28
4. Penguins , Adam Brooks 27 (Dakota Mermis 27, Eetu Luostarinen 24) at 10:03
Penalties :
Denis Malgin (Wil) for Holding (Minor) at 1:03, Juuso Riikola (Abb) for Slashing (Minor) at 19:22
3rd period
5. Penguins , Jeff Malott 6 (Denis Malgin 10) at 6:47
6. Canucks , Phil Di Giuseppe 37 (Tyler Graovac 17, Juho Lammikko 39) at 7:42
7. Penguins , Eetu Luostarinen 20 (Clayton Keller 13, Adam Brooks 32) at 14:34
Penalties :
Nicolas Petan (Abb) for Interference (Minor) at 9:57, William Lagesson (Abb) for Hooking (Minor) at 15:22
Goalie Stats
Thatcher Demko (Abb), 30 saves from 34 shots - (0.882), L, 39-19-2, 58:59 minutes
Anthony Stolarz (Wil), 33 saves from 36 shots - (0.917), W, 7-14-5, 60:00 minutes
Players Stats for Canucks
Player Name G A P +/- PIM S H SB GA TA FO MP PP MP PK MP
------------------------------------------------------------------------------------
Adam Ollas-Mattsson 0 0 0 0 0 1 0 1 0 0 0/0 22:06 1:07 2:38
Curtis Lazar 0 1 1 -1 0 0 1 0 1 1 0/0 15:23 0:56 0:00
Dan Renouf 0 0 0 0 0 2 1 0 0 2 0/0 19:15 1:07 1:24
Daniel Zaar 1 0 1 0 0 7 1 0 0 0 1/1 21:29 1:03 0:47
Daniil Miromanov 0 0 0 0 0 1 0 1 0 0 0/0 10:58 0:00 0:11
Jean-Sebastien Dea 0 1 1 -1 0 4 0 0 0 0 6/12 16:37 0:56 0:47
Juho Lammikko 0 1 1 0 0 0 2 1 0 0 0/2 12:07 0:00 1:43
Juuso Riikola 0 0 0 -1 2 2 2 1 1 0 0/0 28:04 0:52 2:40
Lane Pederson 0 0 0 0 0 0 1 1 0 0 2/6 7:57 0:00 0:51
Mackenzie MacEachern 0 0 0 0 0 4 1 0 1 0 0/0 8:27 0:00 1:09
Nicolas Petan 0 1 1 0 2 3 0 0 2 2 20/37 24:05 1:03 2:25
Phil Di Giuseppe 1 0 1 0 0 2 1 0 0 0 0/0 11:25 0:00 0:08
Ryan Lomberg 0 0 0 0 0 2 2 0 0 0 2/3 22:44 1:03 3:41
Scott Harrington 0 1 1 -1 0 3 2 3 0 5 0/0 29:39 0:52 4:14
Trevor Moore 1 0 1 -1 0 4 0 0 0 0 1/2 14:13 0:56 0:00
Tyler Graovac 0 1 1 0 0 0 1 1 0 0 2/3 10:52 0:00 0:23
William Lagesson 0 0 0 0 2 0 2 3 0 0 0/0 11:33 0:00 0:47
William Lockwood 0 0 0 0 0 1 0 1 0 0 0/1 7:06 0:00 0:00
Players Stats for Penguins
Player Name G A P +/- PIM S H SB GA TA FO MP PP MP PK MP
------------------------------------------------------------------------------------
Adam Brooks 1 1 2 2 0 2 2 0 1 0 7/15 15:04 2:11 0:00
Alexander Romanov 0 0 0 1 0 0 1 0 0 0 0/0 12:11 0:00 0:00
Brett Kulak 0 0 0 2 0 0 3 2 0 0 0/0 25:25 3:13 1:22
Clayton Keller 0 1 1 2 0 1 3 0 2 0 1/1 16:54 2:11 0:00
Dakota Mermis 0 2 2 2 0 2 2 3 0 1 0/0 25:25 3:13 1:22
Denis Malgin 0 1 1 0 2 5 4 1 0 0 4/10 22:00 2:27 0:00
Eetu Luostarinen 1 1 2 2 0 2 1 0 0 0 0/1 19:12 3:15 0:55
Evan Rodrigues 1 0 1 -1 0 1 3 1 2 0 13/26 22:14 3:34 1:01
Iven Barbashev 0 0 0 0 0 1 0 0 0 0 0/0 4:08 0:00 0:00
Jeff Malott 1 0 1 1 0 4 0 0 1 0 0/0 12:39 0:15 0:41
Jesper Boqvist 0 0 0 1 0 4 0 0 1 1 1/1 11:56 0:15 0:00
John Marino 0 0 0 -2 0 3 0 2 1 0 0/0 22:24 2:44 0:37
Josh Ho-Sang 0 0 0 -1 0 2 0 0 0 0 1/1 9:53 0:00 0:00
Matthew Finn 0 0 0 -2 0 0 1 1 0 0 0/0 22:24 2:44 0:37
Max Gortz 0 0 0 -1 0 1 0 1 1 0 1/2 21:43 3:31 0:49
Noah Dobson 0 0 0 1 0 2 0 1 0 2 0/0 12:11 0:00 0:00
Philipp Kurashev 0 0 0 -1 0 3 2 1 1 0 5/10 12:21 0:12 0:29
Sampo Ranta 0 0 0 -1 0 1 3 0 0 1 0/0 9:56 0:00 0:03
3 Stars
1 - Adam Brooks (Wil)
2 - Eetu Luostarinen (Wil)
3 - Dakota Mermis (Wil)
Power Play
Canucks - 0 on 1 Attempt(s) - 0.00%
Penguins - 0 on 3 Attempt(s) - 0.00%
Penalty Kill
Canucks - 3 on 3 Attempt(s) - 100.00%
- Score 0 goal in Penalty Kill
Penguins - 1 on 1 Attempt(s) - 100.00%
- Score 0 goal in Penalty Kill
Team Stat
Canucks - Hits : 17 - Faceoff Wins : 34 - Blocked Shots : 13 - Penalty Minutes : 6
Penguins - Hits : 25 - Faceoff Wins : 33 - Blocked Shots : 13 - Penalty Minutes : 2
Official
Referees : Chris Schlenker and Garrett Rank
Linesman : Kyle Flemington and Andrew Smith
Game Notes
Iven Barbashev is injured at 15:09 of 1st period (Sprained Right Finger)
Finance
Level 1 -- Attendance: 1836 (91.80%) -- Ticket Income $128,520
Level 2 -- Attendance: 913 (91.30%) -- Ticket Income $36,520
Total Attendance: 2749 (91.63%)
Total Ticket Income: $165,040
Other Income: $8,252
Total Income: $173,292
Canucks
5 vs 5 Forward
Center Left Wing Right Wing Time % Phy DF OF
1 Nicolas Petan Ryan Lomberg Daniel Zaar 58 1 2 2
2 Jean-Sebastien Dea Trevor Moore Curtis Lazar 28 1 2 2
3 Tyler Graovac Phil Di Giuseppe Juho Lammikko 10 1 2 2
4 Lane Pederson Mackenzie MacEachern William Lockwood 4 1 2 2
5 vs 5 Defense
Defense Defense Time % Phy DF OF
1 Scott Harrington Juuso Riikola 55 1 2 2
2 Dan Renouf Adam Ollas-Mattsson 30 1 2 2
3 William Lagesson Daniil Miromanov 10 1 2 2
4 Scott Harrington Juuso Riikola 5 1 2 2
PowerPlay Forward
Center Left Wing Right Wing Time % Phy DF OF
1 Nicolas Petan Ryan Lomberg Daniel Zaar 60 1 2 2
2 Jean-Sebastien Dea Trevor Moore Curtis Lazar 40 1 2 2
PowerPlay Defense
Defense Defense Time % Phy DF OF
1 Scott Harrington Juuso Riikola 60 1 2 2
2 Dan Renouf Adam Ollas-Mattsson 40 1 2 2
Penalty Kill 4 Players Forward
Center Wing Time % Phy DF OF
1 Nicolas Petan Ryan Lomberg 60 1 2 2
2 Jean-Sebastien Dea Daniel Zaar 40 1 2 2
Penalty Kill 4 Players Defense
Defense Defense Time % Phy DF OF
1 Scott Harrington Juuso Riikola 60 1 2 2
2 Dan Renouf Adam Ollas-Mattsson 40 1 2 2
Penalty Kill - 3 Players Forward
Forward Time % Phy DF OF
1 Nicolas Petan 60 1 2 2
2 Jean-Sebastien Dea 40 1 2 2
Penalty Kill - 3 Players Defense
Defense Defense Time % Phy DF OF
1 Scott Harrington Juuso Riikola 60 1 2 2
2 Dan Renouf Adam Ollas-Mattsson 40 1 2 2
4 vs 4 Forward
Center Wing Time % Phy DF OF
1 Nicolas Petan Ryan Lomberg 60 1 2 2
2 Jean-Sebastien Dea Daniel Zaar 40 1 2 2
4 vs 4 Defense
Defense Defense Time % Phy DF OF
1 Scott Harrington Juuso Riikola 60 1 2 2
2 Dan Renouf Adam Ollas-Mattsson 40 1 2 2
Last Minutes Offensive
Center Left Wing Right Wing Defense Defense
Nicolas Petan Ryan Lomberg Curtis Lazar Scott Harrington Juuso Riikola
Last Minutes Defensive
Center Left Wing Right Wing Defense Defense
Nicolas Petan Ryan Lomberg Curtis Lazar Scott Harrington Juuso Riikola
Goaltenders
Starting : Thatcher Demko
Backup : Casey DeSmith
Extra Forwards
Normal : Juho Lammikko, Phil Di Giuseppe, Mackenzie MacEachern - PP : Juho Lammikko, Phil Di Giuseppe - PK : Juho Lammikko
Extra Defensemen
Normal : Adam Ollas-Mattsson, William Lagesson, Daniil Miromanov - PP : Adam Ollas-Mattsson - PK : Adam Ollas-Mattsson, William Lagesson
Penalty Shots
Curtis Lazar, Ryan Lomberg, Nicolas Petan, Jean-Sebastien Dea, Juho Lammikko
Custom OT Lines Forwards
Curtis Lazar, Ryan Lomberg, Nicolas Petan, Jean-Sebastien Dea, Juho Lammikko, Phil Di Giuseppe, Mackenzie MacEachern, Daniel Zaar, Trevor Moore, Tyler Graovac
Custom OT Lines Defensemen
Scott Harrington, Juuso Riikola, Dan Renouf, Adam Ollas-Mattsson, William Lagesson
Scratches
Anton Zlobin (Healthy), Charles Hudon (Healthy), Jaret Anderson-Dolan (Healthy), Guillaume Brisebois (Healthy), Brandon Saigeon (Healthy)
Jay O'Brien (Healthy), Michael Joly (Healthy), Jack Rathbone (Healthy), Michael Kesselring (Healthy), Rasmus Asplund (Healthy)
Marek Langhamer (Healthy), Michael Dipietro (Healthy)
Penguins
5 vs 5 Forward
Center Left Wing Right Wing Time % Phy DF OF
1 Evan Rodrigues Iven Barbashev Max Gortz 40 1 2 2
2 Adam Brooks Eetu Luostarinen Clayton Keller 30 1 2 2
3 Denis Malgin Jeff Malott Jesper Boqvist 20 1 2 2
4 Philipp Kurashev Sampo Ranta Josh Ho-Sang 10 1 2 2
5 vs 5 Defense
Defense Defense Time % Phy DF OF
1 Brett Kulak Dakota Mermis 40 1 2 2
2 John Marino Matthew Finn 30 1 2 2
3 Alexander Romanov Noah Dobson 20 1 2 2
4 Brett Kulak Dakota Mermis 10 1 2 2
PowerPlay Forward
Center Left Wing Right Wing Time % Phy DF OF
1 Evan Rodrigues Iven Barbashev Max Gortz 60 1 1 3
2 Adam Brooks Eetu Luostarinen Clayton Keller 40 1 1 3
PowerPlay Defense
Defense Defense Time % Phy DF OF
1 Brett Kulak Dakota Mermis 60 1 1 3
2 John Marino Matthew Finn 40 1 1 3
Penalty Kill 4 Players Forward
Center Wing Time % Phy DF OF
1 Evan Rodrigues Iven Barbashev 60 1 3 1
2 Adam Brooks Eetu Luostarinen 40 1 3 1
Penalty Kill 4 Players Defense
Defense Defense Time % Phy DF OF
1 Brett Kulak Dakota Mermis 60 1 3 1
2 John Marino Matthew Finn 40 1 3 1
Penalty Kill - 3 Players Forward
Forward Time % Phy DF OF
1 Evan Rodrigues 60 1 3 1
2 Adam Brooks 40 1 3 1
Penalty Kill - 3 Players Defense
Defense Defense Time % Phy DF OF
1 Brett Kulak Dakota Mermis 60 1 3 1
2 John Marino Matthew Finn 40 1 3 1
4 vs 4 Forward
Center Wing Time % Phy DF OF
1 Evan Rodrigues Iven Barbashev 60 1 1 3
2 Adam Brooks Eetu Luostarinen 40 1 1 3
4 vs 4 Defense
Defense Defense Time % Phy DF OF
1 Brett Kulak Dakota Mermis 60 1 1 3
2 John Marino Matthew Finn 40 1 1 3
Last Minutes Offensive
Center Left Wing Right Wing Defense Defense
Evan Rodrigues Iven Barbashev Max Gortz Brett Kulak Dakota Mermis
Last Minutes Defensive
Center Left Wing Right Wing Defense Defense
Evan Rodrigues Iven Barbashev Max Gortz Brett Kulak Dakota Mermis
Goaltenders
Starting : Anthony Stolarz
Backup : Zachary Bouthillier
Extra Forwards
Normal : Max Gortz, Denis Malgin, Clayton Keller - PP : Max Gortz, Denis Malgin - PK : Max Gortz
Extra Defensemen
Normal : Matthew Finn, Alexander Romanov, Noah Dobson - PP : Matthew Finn - PK : Matthew Finn, Alexander Romanov
Penalty Shots
Iven Barbashev, Evan Rodrigues, Eetu Luostarinen, Adam Brooks, Max Gortz
Custom OT Lines Forwards
Iven Barbashev, Evan Rodrigues, Eetu Luostarinen, Adam Brooks, Max Gortz, Denis Malgin, Clayton Keller, Jeff Malott, Jesper Boqvist, Philipp Kurashev
Custom OT Lines Defensemen
Brett Kulak, Dakota Mermis, John Marino, Matthew Finn, Alexander Romanov
Scratches
Jesperi Kotkaniemi (Bruised Left Foot Injury), Brett Pollock (Healthy), Juuso Ikonen (Healthy), Kevin Stenlund (Healthy), Austin Strand (Healthy)
Ryan MacInnis (Healthy), Sam Kurker (Fractured Bone in Right Hand Injury), Steven Spinner (Healthy), Shawn Boudrias (Healthy)
% Time on Ice - Canucks
Lines # - Real PCT - Wanted PCT - Time Play
Normal Forward
1 - 39% - 58% - 19:51
2 - 30% - 28% - 15:06
3 - 17% - 10% - 8:51
4 - 14% - 4% - 7:06
Normal Defense
1 - 46% - 55% - 23:23
2 - 33% - 30% - 16:44
3 - 21% - 10% - 10:47
4 - 0% - 5% - 0:00
PP Forward
1 - 53% - 60% - 1:03
2 - 47% - 40% - 0:56
PP Defense
1 - 44% - 60% - 0:52
2 - 56% - 40% - 1:07
PK Forward
1 - 87% - 60% - 5:10
2 - 13% - 40% - 0:47
PK Defense
1 - 76% - 60% - 4:33
2 - 24% - 40% - 1:24
PK3 Forward
1 - 0% - 60%
2 - 0% - 40%
PK3 Defense
1 - 0% - 60%
2 - 0% - 40%
44 Forward
1 - 0% - 60%
2 - 0% - 40%
44 Defense
1 - 0% - 60%
2 - 0% - 40%
Last Minute Offensive - 1:10
Last Minute Defensive - 0:00
Total
Forward - 60:00
Defense - 60:00
|
% Time on Ice - Penguins
Lines # - Real PCT - Wanted PCT - Time Play
Normal Forward
1 - 36% - 40% - 18:06
2 - 26% - 30% - 13:02
3 - 19% - 20% - 9:52
4 - 19% - 10% - 9:53
Normal Defense
1 - 36% - 40% - 18:33
2 - 35% - 30% - 17:52
3 - 24% - 20% - 12:11
4 - 4% - 10% - 2:17
PP Forward
1 - 63% - 60% - 3:46
2 - 37% - 40% - 2:11
PP Defense
1 - 54% - 60% - 3:13
2 - 46% - 40% - 2:44
PK Forward
1 - 100% - 60% - 1:59
2 - 0% - 40% - 0:00
PK Defense
1 - 69% - 60% - 1:22
2 - 31% - 40% - 0:37
PK3 Forward
1 - 0% - 60%
2 - 0% - 40%
PK3 Defense
1 - 0% - 60%
2 - 0% - 40%
44 Forward
1 - 0% - 60%
2 - 0% - 40%
44 Defense
1 - 0% - 60%
2 - 0% - 40%
Last Minute Offensive - 0:00
Last Minute Defensive - 1:11
Total
Forward - 60:00
Defense - 60:00
|
Play-by-Play
1st period
0:01 of 1st period - Nicolas Petan wins face-off versus Evan Rodrigues in neutral zone.
0:26 of 1st period - Curtis Lazar is hit by Clayton Keller and loses puck.
0:35 of 1st period - Snap shot by Clayton Keller.
0:35 of 1st period - Shot Blocked by Scott Harrington.
0:37 of 1st period - Snap shot by Adam Brooks.
0:37 of 1st period - Shot Misses the Net.
1:14 of 1st period - Snap shot by Josh Ho-Sang.
1:14 of 1st period - Deflect By Philipp Kurashev.
1:14 of 1st period - Shot Misses the Net.
1:14 of 1st period - Puck is out of play.
1:15 of 1st period - Philipp Kurashev wins face-off versus Nicolas Petan in Canucks zone.
2:10 of 1st period - Trevor Moore is hit by Dakota Mermis and loses puck.
2:27 of 1st period - Snap shot by Clayton Keller.
2:27 of 1st period - Shot Misses the Net.
2:29 of 1st period - Slapshot by Brett Kulak.
2:29 of 1st period - Deflect By Jesper Boqvist.
2:29 of 1st period - Shot Misses the Net.
2:29 of 1st period - Puck is out of play.
2:30 of 1st period - Nicolas Petan wins face-off versus Denis Malgin in Canucks zone.
3:08 of 1st period - Slapshot by Jeff Malott.
3:08 of 1st period - Shot Misses the Net.
3:28 of 1st period - Snap shot by Iven Barbashev.
3:28 of 1st period - Stopped by Thatcher Demko with a rebound.
3:30 of 1st period - Slapshot by Noah Dobson.
3:30 of 1st period - Stopped by Thatcher Demko with a rebound.
4:05 of 1st period - Slapshot by Nicolas Petan.
4:05 of 1st period - Shot Misses the Net.
4:07 of 1st period - Snap shot by Juho Lammikko.
4:07 of 1st period - Shot Blocked by John Marino.
4:09 of 1st period - Snap shot by Juho Lammikko.
4:09 of 1st period - Shot Blocked by Matthew Finn.
4:11 of 1st period - Snap shot by Juho Lammikko.
4:11 of 1st period - Shot Misses the Net.
4:43 of 1st period - Snap shot by Adam Brooks.
4:43 of 1st period - Stopped by Thatcher Demko with a rebound.
4:45 of 1st period - Snap shot by Eetu Luostarinen.
4:45 of 1st period - Stopped by Thatcher Demko with a rebound.
4:57 of 1st period - Snap shot by Mackenzie MacEachern.
4:57 of 1st period - Stopped by Anthony Stolarz with a rebound.
5:31 of 1st period - Snap shot by Josh Ho-Sang.
5:31 of 1st period - Shot Misses the Net.
6:24 of 1st period - Wrist shot by Jesper Boqvist.
6:24 of 1st period - Shot Misses the Net.
7:06 of 1st period - William Lagesson is hit by Sampo Ranta.
7:20 of 1st period - Wrist shot by Jesper Boqvist.
7:20 of 1st period - Stopped by Thatcher Demko without a rebound.
7:21 of 1st period - Nicolas Petan wins face-off versus Denis Malgin in Canucks zone.
7:38 of 1st period - John Marino is hit by William Lagesson.
8:16 of 1st period - Wrist shot by Clayton Keller.
8:16 of 1st period - Shot Blocked by Tyler Graovac.
8:18 of 1st period - Slapshot by Alexander Romanov.
8:18 of 1st period - Shot Blocked by Juho Lammikko.
8:30 of 1st period - Matthew Finn is hit by Ryan Lomberg and loses puck.
8:35 of 1st period - Backhand shot by Daniel Zaar.
8:35 of 1st period - Shot Blocked by Philipp Kurashev.
8:49 of 1st period - Jesper Boqvist is hit by Lane Pederson and loses puck.
9:02 of 1st period - John Marino is hit by Mackenzie MacEachern and loses puck.
9:13 of 1st period - Slapshot by Juuso Riikola.
9:13 of 1st period - Stopped by Anthony Stolarz without a rebound.
9:14 of 1st period - Evan Rodrigues wins face-off versus Nicolas Petan in Penguins zone.
9:20 of 1st period - Off-side.
9:21 of 1st period - Nicolas Petan wins face-off versus Evan Rodrigues in neutral zone.
9:34 of 1st period - Adam Ollas-Mattsson is hit by Dakota Mermis and loses puck.
10:14 of 1st period - Snap shot by Jeff Malott.
10:14 of 1st period - Stopped by Thatcher Demko with a rebound.
10:47 of 1st period - Wrist shot by William Lockwood.
10:47 of 1st period - Stopped by Anthony Stolarz with a rebound.
10:53 of 1st period - Wrist shot by Josh Ho-Sang.
10:53 of 1st period - Shot Blocked by William Lockwood.
10:55 of 1st period - Wrist shot by Sampo Ranta.
10:55 of 1st period - Shot Misses the Net.
10:57 of 1st period - Wrist shot by Sampo Ranta.
10:57 of 1st period - Stopped by Thatcher Demko with a rebound.
12:33 of 1st period - Scott Harrington is hit by Sampo Ranta and loses puck.
13:32 of 1st period - Snap shot by Clayton Keller.
13:32 of 1st period - Stopped by Thatcher Demko without a rebound.
13:33 of 1st period - Evan Rodrigues wins face-off versus Jean-Sebastien Dea in Canucks zone.
13:38 of 1st period - Snap shot by Evan Rodrigues.
13:38 of 1st period - Shot Misses the Net.
13:58 of 1st period - Nicolas Petan is hit by Clayton Keller and loses puck.
14:42 of 1st period - Snap shot by Trevor Moore.
14:42 of 1st period - Stopped by Anthony Stolarz without a rebound.
14:43 of 1st period - Philipp Kurashev wins face-off versus Jean-Sebastien Dea in Penguins zone.
15:08 of 1st period - Iven Barbashev is hit by Ryan Lomberg and loses puck.
15:09 of 1st period - Iven Barbashev from Penguins is injured at 15:09 of 1st period (Sprained Right Finger).
15:10 of 1st period - Evan Rodrigues wins face-off versus Nicolas Petan in Penguins zone.
15:21 of 1st period - Wrist shot by Nicolas Petan.
15:21 of 1st period - Shot Blocked by Dakota Mermis.
15:23 of 1st period - Slapshot by Ryan Lomberg.
15:23 of 1st period - Shot Blocked by Dakota Mermis.
15:25 of 1st period - Wrist shot by Daniel Zaar.
15:25 of 1st period - Stopped by Anthony Stolarz without a rebound.
15:26 of 1st period - Adam Brooks wins face-off versus Nicolas Petan in Penguins zone.
15:35 of 1st period - Snap shot by Ryan Lomberg.
15:35 of 1st period - Stopped by Anthony Stolarz without a rebound.
15:36 of 1st period - Adam Brooks wins face-off versus Nicolas Petan in Penguins zone.
15:38 of 1st period - Icing by Dakota Mermis.
15:39 of 1st period - Adam Brooks wins face-off versus Nicolas Petan in Penguins zone.
15:46 of 1st period - Snap shot by Nicolas Petan.
15:46 of 1st period - Stopped by Anthony Stolarz without a rebound.
15:47 of 1st period - Nicolas Petan wins face-off versus Evan Rodrigues in Penguins zone.
16:43 of 1st period - Snap shot by Josh Ho-Sang.
16:43 of 1st period - Stopped by Thatcher Demko with a rebound.
16:59 of 1st period - Wrist shot by Ryan Lomberg.
16:59 of 1st period - Deflect By Daniel Zaar.
16:59 of 1st period - Shot Misses the Net.
16:59 of 1st period - Puck is out of play.
17:00 of 1st period - Evan Rodrigues wins face-off versus Jean-Sebastien Dea in Penguins zone.
17:00 of 1st period - Evan Rodrigues is hit by Curtis Lazar.
17:26 of 1st period - Dakota Mermis is hit by Tyler Graovac.
17:36 of 1st period - Wrist shot by Juho Lammikko.
17:36 of 1st period - Deflect By Tyler Graovac.
17:36 of 1st period - Shot Blocked by Brett Kulak.
17:36 of 1st period - Puck is out of play.
17:37 of 1st period - Jean-Sebastien Dea wins face-off versus Denis Malgin in Penguins zone.
18:29 of 1st period - Snap shot by Daniil Miromanov.
18:29 of 1st period - Deflect By Dakota Mermis.
18:29 of 1st period - Stopped by Anthony Stolarz without a rebound.
18:30 of 1st period - Denis Malgin wins face-off versus Lane Pederson in Penguins zone.
Goals for this period are 0 for Canucks vs 0 for Penguins.
Shots for this period are 8 for Canucks vs 9 for Penguins.
2nd period
0:01 of 2nd period - Nicolas Petan wins face-off versus Evan Rodrigues in neutral zone.
0:16 of 2nd period - Slapshot by Daniel Zaar.
0:16 of 2nd period - Deflect By Ryan Lomberg.
0:16 of 2nd period - Shot Misses the Net.
0:16 of 2nd period - Puck is out of play.
0:17 of 2nd period - Nicolas Petan wins face-off versus Adam Brooks in Penguins zone.
0:21 of 2nd period - Icing by Eetu Luostarinen.
0:22 of 2nd period - Daniel Zaar wins face-off versus Eetu Luostarinen in Penguins zone.
0:35 of 2nd period - Snap shot by Daniel Zaar.
0:35 of 2nd period - Stopped by Anthony Stolarz with a rebound.
0:37 of 2nd period - Snap shot by Juuso Riikola.
0:37 of 2nd period - Stopped by Anthony Stolarz without a rebound.
0:38 of 2nd period - Nicolas Petan wins face-off versus Evan Rodrigues in Penguins zone.
0:46 of 2nd period - Slapshot by Scott Harrington.
0:46 of 2nd period - Deflect By Daniel Zaar.
0:46 of 2nd period - Goal by Daniel Zaar - Canucks : 1 - Penguins : 0.
0:47 of 2nd period - Evan Rodrigues wins face-off versus Nicolas Petan in neutral zone.
0:49 of 2nd period - Off-side.
0:50 of 2nd period - Nicolas Petan wins face-off versus Max Gortz in neutral zone.
0:53 of 2nd period - Wrist shot by Evan Rodrigues.
0:53 of 2nd period - Goal by Evan Rodrigues - Canucks : 1 - Penguins : 1.
0:54 of 2nd period - Nicolas Petan wins face-off versus Evan Rodrigues in neutral zone.
1:01 of 2nd period - Wrist shot by Daniel Zaar.
1:01 of 2nd period - Stopped by Anthony Stolarz with a rebound.
1:03 of 2nd period - Minor Penalty to Denis Malgin for Holding.
1:04 of 2nd period - Nicolas Petan wins face-off versus Evan Rodrigues in Penguins zone.
1:37 of 2nd period - Slapshot by Jean-Sebastien Dea.
1:37 of 2nd period - Stopped by Anthony Stolarz with a rebound.
1:39 of 2nd period - Wrist shot by Trevor Moore.
1:39 of 2nd period - Stopped by Anthony Stolarz with a rebound.
2:33 of 2nd period - Brett Kulak is hit by Dan Renouf and loses puck.
3:03 of 2nd period - Penalty to Denis Malgin is over, Denis Malgin is back on ice.
3:06 of 2nd period - Evan Rodrigues is hit by Juuso Riikola and loses puck.
3:15 of 2nd period - Wrist shot by Denis Malgin.
3:15 of 2nd period - Stopped by Thatcher Demko without a rebound.
3:16 of 2nd period - Tyler Graovac wins face-off versus Philipp Kurashev in Canucks zone.
4:17 of 2nd period - Slapshot by Jean-Sebastien Dea.
4:17 of 2nd period - Stopped by Anthony Stolarz without a rebound.
4:18 of 2nd period - Jean-Sebastien Dea wins face-off versus Philipp Kurashev in Penguins zone.
4:29 of 2nd period - Wrist shot by Curtis Lazar.
4:29 of 2nd period - Shot Blocked by Dakota Mermis.
4:45 of 2nd period - Nicolas Petan is hit by Brett Kulak and loses puck.
5:26 of 2nd period - Snap shot by Jean-Sebastien Dea.
5:26 of 2nd period - Shot Misses the Net.
5:28 of 2nd period - Slapshot by Curtis Lazar.
5:28 of 2nd period - Deflect By Trevor Moore.
5:28 of 2nd period - Goal by Trevor Moore - Canucks : 2 - Penguins : 1.
5:29 of 2nd period - Ryan Lomberg wins face-off versus Adam Brooks in neutral zone.
6:49 of 2nd period - Slapshot by Mackenzie MacEachern.
6:49 of 2nd period - Stopped by Anthony Stolarz without a rebound.
6:50 of 2nd period - Evan Rodrigues wins face-off versus Nicolas Petan in Penguins zone.
8:51 of 2nd period - Slapshot by Juuso Riikola.
8:51 of 2nd period - Deflect By Trevor Moore.
8:51 of 2nd period - Stopped by Anthony Stolarz with a rebound.
9:05 of 2nd period - Nicolas Petan is hit by Brett Kulak.
9:10 of 2nd period - Icing by Brett Kulak.
9:11 of 2nd period - Denis Malgin wins face-off versus Ryan Lomberg in Penguins zone.
10:03 of 2nd period - Slapshot by Dakota Mermis.
10:03 of 2nd period - Deflect By Adam Brooks.
10:03 of 2nd period - Goal by Adam Brooks - Canucks : 2 - Penguins : 2.
10:04 of 2nd period - Nicolas Petan wins face-off versus Evan Rodrigues in neutral zone.
10:09 of 2nd period - Snap shot by Daniel Zaar.
10:09 of 2nd period - Stopped by Anthony Stolarz with a rebound.
10:11 of 2nd period - Slapshot by Juuso Riikola.
10:11 of 2nd period - Shot Blocked by Evan Rodrigues.
10:13 of 2nd period - Slapshot by Juuso Riikola.
10:13 of 2nd period - Shot Misses the Net.
10:15 of 2nd period - Snap shot by Ryan Lomberg.
10:15 of 2nd period - Shot Misses the Net.
10:17 of 2nd period - Snap shot by Nicolas Petan.
10:17 of 2nd period - Shot Misses the Net.
10:19 of 2nd period - Snap shot by Daniel Zaar.
10:19 of 2nd period - Stopped by Anthony Stolarz without a rebound.
10:20 of 2nd period - Ryan Lomberg wins face-off versus Adam Brooks in Penguins zone.
10:25 of 2nd period - Wrist shot by Nicolas Petan.
10:25 of 2nd period - Stopped by Anthony Stolarz with a rebound.
11:09 of 2nd period - Off-side.
11:10 of 2nd period - Philipp Kurashev wins face-off versus Trevor Moore in neutral zone.
11:13 of 2nd period - Backhand shot by Dakota Mermis.
11:13 of 2nd period - Stopped by Thatcher Demko without a rebound.
11:14 of 2nd period - Nicolas Petan wins face-off versus Philipp Kurashev in Canucks zone.
11:36 of 2nd period - Dakota Mermis is hit by Daniel Zaar and loses puck.
12:39 of 2nd period - Snap shot by Denis Malgin.
12:39 of 2nd period - Shot Blocked by Lane Pederson.
12:49 of 2nd period - Eetu Luostarinen is hit by Scott Harrington and loses puck.
13:19 of 2nd period - Nicolas Petan is hit by Philipp Kurashev and loses puck.
13:23 of 2nd period - Icing by Daniel Zaar.
13:24 of 2nd period - Nicolas Petan wins face-off versus Denis Malgin in Canucks zone.
13:24 of 2nd period - Nicolas Petan is hit by Alexander Romanov.
13:38 of 2nd period - Snap shot by Daniel Zaar.
13:38 of 2nd period - Stopped by Anthony Stolarz with a rebound.
13:40 of 2nd period - Wrist shot by Daniel Zaar.
13:40 of 2nd period - Shot Misses the Net.
13:52 of 2nd period - Snap shot by Nicolas Petan.
13:52 of 2nd period - Shot Blocked by Noah Dobson.
14:06 of 2nd period - Slapshot by Nicolas Petan.
14:06 of 2nd period - Shot Blocked by Denis Malgin.
14:08 of 2nd period - Slapshot by Ryan Lomberg.
14:08 of 2nd period - Stopped by Anthony Stolarz with a rebound.
14:22 of 2nd period - Snap shot by Denis Malgin.
14:22 of 2nd period - Stopped by Thatcher Demko with a rebound.
14:24 of 2nd period - Backhand shot by Noah Dobson.
14:24 of 2nd period - Stopped by Thatcher Demko without a rebound.
14:25 of 2nd period - Trevor Moore wins face-off versus Evan Rodrigues in Canucks zone.
14:50 of 2nd period - Dakota Mermis is hit by Juho Lammikko and loses puck.
15:08 of 2nd period - Icing by Brett Kulak.
15:09 of 2nd period - Lane Pederson wins face-off versus Philipp Kurashev in Penguins zone.
15:10 of 2nd period - Slapshot by Mackenzie MacEachern.
15:10 of 2nd period - Stopped by Anthony Stolarz without a rebound.
15:11 of 2nd period - Jean-Sebastien Dea wins face-off versus Adam Brooks in Penguins zone.
15:24 of 2nd period - Curtis Lazar is hit by Matthew Finn and loses puck.
15:41 of 2nd period - Slapshot by John Marino.
15:41 of 2nd period - Stopped by Thatcher Demko with a rebound.
15:47 of 2nd period - Slapshot by Max Gortz.
15:47 of 2nd period - Deflect By Evan Rodrigues.
15:47 of 2nd period - Shot Blocked by Scott Harrington.
15:47 of 2nd period - Puck is out of play.
15:48 of 2nd period - Nicolas Petan wins face-off versus Evan Rodrigues in Canucks zone.
15:48 of 2nd period - Nicolas Petan is hit by Evan Rodrigues.
16:19 of 2nd period - Wrist shot by Alexander Romanov.
16:19 of 2nd period - Deflect By Clayton Keller.
16:19 of 2nd period - Shot Blocked by Adam Ollas-Mattsson.
16:19 of 2nd period - Puck is out of play.
16:20 of 2nd period - Adam Brooks wins face-off versus Jean-Sebastien Dea in Canucks zone.
16:25 of 2nd period - Snap shot by Clayton Keller.
16:25 of 2nd period - Shot Misses the Net.
16:42 of 2nd period - Juuso Riikola is hit by Eetu Luostarinen and loses puck.
16:45 of 2nd period - Slapshot by Jean-Sebastien Dea.
16:45 of 2nd period - Stopped by Anthony Stolarz without a rebound.
16:46 of 2nd period - Evan Rodrigues wins face-off versus Nicolas Petan in Penguins zone.
16:53 of 2nd period - Wrist shot by Nicolas Petan.
16:53 of 2nd period - Shot Blocked by Max Gortz.
16:55 of 2nd period - Slapshot by Daniel Zaar.
16:55 of 2nd period - Shot Misses the Net.
16:57 of 2nd period - Slapshot by Dan Renouf.
16:57 of 2nd period - Stopped by Anthony Stolarz with a rebound.
16:59 of 2nd period - Snap shot by Nicolas Petan.
16:59 of 2nd period - Stopped by Anthony Stolarz with a rebound.
17:01 of 2nd period - Snap shot by Dan Renouf.
17:01 of 2nd period - Stopped by Anthony Stolarz without a rebound.
17:02 of 2nd period - Nicolas Petan wins face-off versus Adam Brooks in Penguins zone.
17:11 of 2nd period - Snap shot by Nicolas Petan.
17:11 of 2nd period - Shot Misses the Net.
18:07 of 2nd period - Daniel Zaar is hit by Denis Malgin and loses puck.
19:03 of 2nd period - Slapshot by Denis Malgin.
19:03 of 2nd period - Deflect By Curtis Lazar.
19:03 of 2nd period - Shot Misses the Net.
19:03 of 2nd period - Puck is out of play.
19:04 of 2nd period - Denis Malgin wins face-off versus Nicolas Petan in Canucks zone.
19:05 of 2nd period - Wrist shot by Jesper Boqvist.
19:05 of 2nd period - Shot Misses the Net.
19:22 of 2nd period - Minor Penalty to Juuso Riikola for Slashing.
19:23 of 2nd period - Max Gortz wins face-off versus Nicolas Petan in Canucks zone.
Goals for this period are 2 for Canucks vs 2 for Penguins.
Shots for this period are 20 for Canucks vs 7 for Penguins.
3rd period
0:01 of 3rd period - Nicolas Petan wins face-off versus Evan Rodrigues in neutral zone.
1:07 of 3rd period - John Marino is hit by William Lagesson and loses puck.
1:22 of 3rd period - Penalty to Juuso Riikola is over, Juuso Riikola is back on ice.
1:43 of 3rd period - Slapshot by Max Gortz.
1:43 of 3rd period - Shot Misses the Net.
2:01 of 3rd period - Snap shot by Juuso Riikola.
2:01 of 3rd period - Shot Misses the Net.
2:09 of 3rd period - Snap shot by Juuso Riikola.
2:09 of 3rd period - Shot Misses the Net.
2:13 of 3rd period - Wrist shot by Daniel Zaar.
2:13 of 3rd period - Shot Misses the Net.
2:15 of 3rd period - Wrist shot by Scott Harrington.
2:15 of 3rd period - Shot Blocked by John Marino.
2:17 of 3rd period - Wrist shot by Jean-Sebastien Dea.
2:17 of 3rd period - Shot Misses the Net.
2:29 of 3rd period - Slapshot by Daniel Zaar.
2:29 of 3rd period - Deflect By Jean-Sebastien Dea.
2:29 of 3rd period - Stopped by Anthony Stolarz with a rebound.
2:31 of 3rd period - Slapshot by Scott Harrington.
2:31 of 3rd period - Stopped by Anthony Stolarz with a rebound.
2:33 of 3rd period - Slapshot by Adam Ollas-Mattsson.
2:33 of 3rd period - Stopped by Anthony Stolarz with a rebound.
2:35 of 3rd period - Slapshot by Scott Harrington.
2:35 of 3rd period - Stopped by Anthony Stolarz with a rebound.
2:37 of 3rd period - Snap shot by Scott Harrington.
2:37 of 3rd period - Stopped by Anthony Stolarz with a rebound.
2:47 of 3rd period - Jean-Sebastien Dea is hit by Evan Rodrigues and loses puck.
2:58 of 3rd period - Slapshot by Max Gortz.
2:58 of 3rd period - Stopped by Thatcher Demko without a rebound.
2:59 of 3rd period - Tyler Graovac wins face-off versus Denis Malgin in Canucks zone.
2:59 of 3rd period - Tyler Graovac is hit by Denis Malgin.
3:25 of 3rd period - Snap shot by Philipp Kurashev.
3:25 of 3rd period - Stopped by Thatcher Demko with a rebound.
3:27 of 3rd period - Slapshot by Alexander Romanov.
3:27 of 3rd period - Deflect By Sampo Ranta.
3:27 of 3rd period - Shot Blocked by William Lagesson.
3:27 of 3rd period - Puck is out of play.
3:28 of 3rd period - Philipp Kurashev wins face-off versus William Lockwood in Canucks zone.
3:31 of 3rd period - Wrist shot by Philipp Kurashev.
3:31 of 3rd period - Stopped by Thatcher Demko without a rebound.
3:32 of 3rd period - Josh Ho-Sang wins face-off versus Lane Pederson in Canucks zone.
3:35 of 3rd period - Slapshot by Josh Ho-Sang.
3:35 of 3rd period - Shot Misses the Net.
3:37 of 3rd period - Slapshot by Philipp Kurashev.
3:37 of 3rd period - Stopped by Thatcher Demko without a rebound.
3:38 of 3rd period - Denis Malgin wins face-off versus Lane Pederson in Canucks zone.
3:41 of 3rd period - Snap shot by Denis Malgin.
3:41 of 3rd period - Shot Blocked by William Lagesson.
3:43 of 3rd period - Snap shot by Jesper Boqvist.
3:43 of 3rd period - Shot Blocked by Daniil Miromanov.
3:45 of 3rd period - Slapshot by Dakota Mermis.
3:45 of 3rd period - Deflect By Jesper Boqvist.
3:45 of 3rd period - Stopped by Thatcher Demko without a rebound.
3:46 of 3rd period - Jesper Boqvist wins face-off versus Nicolas Petan in Canucks zone.
3:51 of 3rd period - Snap shot by Jeff Malott.
3:51 of 3rd period - Stopped by Thatcher Demko with a rebound.
4:11 of 3rd period - Snap shot by Philipp Kurashev.
4:11 of 3rd period - Shot Blocked by William Lagesson.
4:13 of 3rd period - Slapshot by Brett Kulak.
4:13 of 3rd period - Deflect By Josh Ho-Sang.
4:13 of 3rd period - Stopped by Thatcher Demko without a rebound.
4:14 of 3rd period - Nicolas Petan wins face-off versus Philipp Kurashev in Canucks zone.
4:39 of 3rd period - Wrist shot by Denis Malgin.
4:39 of 3rd period - Shot Misses the Net.
4:41 of 3rd period - Wrist shot by Jeff Malott.
4:41 of 3rd period - Shot Misses the Net.
4:43 of 3rd period - Slapshot by Denis Malgin.
4:43 of 3rd period - Stopped by Thatcher Demko without a rebound.
4:44 of 3rd period - Nicolas Petan wins face-off versus Denis Malgin in Canucks zone.
4:44 of 3rd period - Nicolas Petan is hit by Denis Malgin.
5:00 of 3rd period - Daniel Zaar is hit by Brett Kulak and loses puck.
5:11 of 3rd period - Wrist shot by Jeff Malott.
5:11 of 3rd period - Stopped by Thatcher Demko with a rebound.
5:13 of 3rd period - Slapshot by Dakota Mermis.
5:13 of 3rd period - Stopped by Thatcher Demko without a rebound.
5:14 of 3rd period - Jean-Sebastien Dea wins face-off versus Adam Brooks in Canucks zone.
5:14 of 3rd period - Jean-Sebastien Dea is hit by Adam Brooks.
5:17 of 3rd period - Icing by Curtis Lazar.
5:18 of 3rd period - Jean-Sebastien Dea wins face-off versus Adam Brooks in Canucks zone.
6:03 of 3rd period - Phil Di Giuseppe is hit by Sampo Ranta and loses puck.
6:24 of 3rd period - Dan Renouf is hit by Adam Brooks and loses puck.
6:47 of 3rd period - Slapshot by Jeff Malott.
6:47 of 3rd period - Goal by Jeff Malott - Canucks : 2 - Penguins : 3.
6:48 of 3rd period - Adam Brooks wins face-off versus Nicolas Petan in neutral zone.
7:13 of 3rd period - Adam Ollas-Mattsson is hit by Evan Rodrigues and loses puck.
7:40 of 3rd period - Snap shot by Phil Di Giuseppe.
7:40 of 3rd period - Stopped by Anthony Stolarz with a rebound.
7:42 of 3rd period - Wrist shot by Phil Di Giuseppe.
7:42 of 3rd period - Goal by Phil Di Giuseppe - Canucks : 3 - Penguins : 3.
7:43 of 3rd period - Evan Rodrigues wins face-off versus Nicolas Petan in neutral zone.
8:08 of 3rd period - Eetu Luostarinen is hit by Scott Harrington and loses puck.
8:37 of 3rd period - Wrist shot by Jesper Boqvist.
8:37 of 3rd period - Stopped by Thatcher Demko without a rebound.
8:38 of 3rd period - Evan Rodrigues wins face-off versus Nicolas Petan in Canucks zone.
9:04 of 3rd period - Eetu Luostarinen is hit by Phil Di Giuseppe.
9:32 of 3rd period - Snap shot by John Marino.
9:32 of 3rd period - Shot Misses the Net.
9:34 of 3rd period - Slapshot by Philipp Kurashev.
9:34 of 3rd period - Deflect By Josh Ho-Sang.
9:34 of 3rd period - Shot Misses the Net.
9:34 of 3rd period - Puck is out of play.
9:35 of 3rd period - Evan Rodrigues wins face-off versus Nicolas Petan in Canucks zone.
9:50 of 3rd period - Wrist shot by Max Gortz.
9:50 of 3rd period - Deflect By Denis Malgin.
9:50 of 3rd period - Stopped by Thatcher Demko without a rebound.
9:51 of 3rd period - Adam Brooks wins face-off versus Nicolas Petan in Canucks zone.
9:57 of 3rd period - Minor Penalty to Nicolas Petan for Interference.
9:58 of 3rd period - Evan Rodrigues wins face-off versus Juho Lammikko in Canucks zone.
9:58 of 3rd period - Wrist shot by Denis Malgin.
9:58 of 3rd period - Stopped by Thatcher Demko without a rebound.
9:59 of 3rd period - Evan Rodrigues wins face-off versus Juho Lammikko in Canucks zone.
11:24 of 3rd period - Brett Kulak is hit by Juuso Riikola and loses puck.
11:31 of 3rd period - Juuso Riikola is hit by Clayton Keller and loses puck.
11:55 of 3rd period - Icing by Matthew Finn.
11:56 of 3rd period - Philipp Kurashev wins face-off versus Tyler Graovac in Penguins zone.
11:57 of 3rd period - Penalty to Nicolas Petan is over, Nicolas Petan is back on ice.
12:37 of 3rd period - Slapshot by Philipp Kurashev.
12:37 of 3rd period - Shot Misses the Net.
12:48 of 3rd period - Adam Ollas-Mattsson is hit by Philipp Kurashev and loses puck.
13:22 of 3rd period - Slapshot by Philipp Kurashev.
13:22 of 3rd period - Shot Misses the Net.
13:24 of 3rd period - Slapshot by Jesper Boqvist.
13:24 of 3rd period - Stopped by Thatcher Demko with a rebound.
13:34 of 3rd period - Slapshot by John Marino.
13:34 of 3rd period - Stopped by Thatcher Demko without a rebound.
13:35 of 3rd period - Clayton Keller wins face-off versus Jean-Sebastien Dea in Canucks zone.
14:06 of 3rd period - Backhand shot by Clayton Keller.
14:06 of 3rd period - Shot Misses the Net.
14:32 of 3rd period - Snap shot by Clayton Keller.
14:32 of 3rd period - Shot Misses the Net.
14:34 of 3rd period - Snap shot by Eetu Luostarinen.
14:34 of 3rd period - Goal by Eetu Luostarinen - Canucks : 3 - Penguins : 4.
14:35 of 3rd period - Lane Pederson wins face-off versus Evan Rodrigues in neutral zone.
14:42 of 3rd period - Wrist shot by Mackenzie MacEachern.
14:42 of 3rd period - Stopped by Anthony Stolarz without a rebound.
14:43 of 3rd period - Evan Rodrigues wins face-off versus Lane Pederson in Penguins zone.
14:58 of 3rd period - Wrist shot by William Lockwood.
14:58 of 3rd period - Shot Misses the Net.
15:22 of 3rd period - Minor Penalty to William Lagesson for Hooking.
15:23 of 3rd period - Nicolas Petan wins face-off versus Evan Rodrigues in Canucks zone.
15:56 of 3rd period - Slapshot by John Marino.
15:56 of 3rd period - Deflect By Juuso Riikola.
15:56 of 3rd period - Stopped by Thatcher Demko without a rebound.
15:57 of 3rd period - Jean-Sebastien Dea wins face-off versus Adam Brooks in Canucks zone.
17:22 of 3rd period - Penalty to William Lagesson is over, William Lagesson is back on ice.
17:31 of 3rd period - Clayton Keller is hit by Juho Lammikko and loses puck.
17:44 of 3rd period - Wrist shot by Juho Lammikko.
17:44 of 3rd period - Deflect By Ryan Lomberg.
17:44 of 3rd period - Shot Blocked by Brett Kulak.
17:44 of 3rd period - Puck is out of play.
17:45 of 3rd period - Adam Brooks wins face-off versus Jean-Sebastien Dea in Penguins zone.
18:59 of 3rd period - Canucks, Thatcher Demko is pulled from the net.
19:01 of 3rd period - Slapshot by Curtis Lazar.
19:01 of 3rd period - Shot Misses the Net.
19:15 of 3rd period - Wrist shot by Juho Lammikko.
19:15 of 3rd period - Shot Hit the Post.
19:29 of 3rd period - Snap shot by Evan Rodrigues.
19:29 of 3rd period - Shot Blocked by Juuso Riikola.
19:31 of 3rd period - Slapshot by Matthew Finn.
19:31 of 3rd period - Shot Blocked by Scott Harrington.
19:49 of 3rd period - Juuso Riikola is hit by Denis Malgin and loses puck.
Goals for this period are 1 for Canucks vs 2 for Penguins.
Shots for this period are 8 for Canucks vs 18 for Penguins.